 Dungeon Crawl Stone Soup version 0.28-b1-1-g3c77fb2ed1 (webtiles) character file.

Game seed: 10231090215318890998

37 croobank the Ogre Mage (level 3, 0/31 HPs)
             Began as an Ogre Hedge Wizard on Jan 30, 2022.
             Slain by an adder (2 damage)
             ... on level 2 of the Dungeon.
             The game lasted 00:05:52 (2117 turns).

croobank the Ogre Mage (Ogre Hedge Wizard)          Turns: 2117, Time: 00:05:53

Health: 0/31       AC:  3    Str: 14    XL:     3   Next: 39%
Magic:  0/8        EV:  9    Int: 17    God:
Gold:   67         SH:  0    Dex:  8    Spells: 4/10 levels left

rFire   . . .      SeeInvis .   f - +0 rapier
rCold   . . .      Faith    .   (no shield)
rNeg    . . .      Spirit   .   b - +0 robe
rPois   .          Reflect  .   c - +0 hat
rElec   .          Harm     .   (no cloak)
rCorr   .          Rampage  .   (gloves unavailable)
Will    .....                   (boots unavailable)
Stlth   ++........              (no amulet)
HPRegen 0.10/turn               (no ring)
MPRegen 0.11/turn               (no ring)

@: hasted, very quick
A: large, unfitting armour, tough skin 1
a: no special abilities


You were on level 2 of the Dungeon.
You visited 1 branch of the dungeon, and saw 2 of its levels.

You collected 67 gold pieces.

Inventory:

Hand Weapons
 a - a +0 dagger
 f - a +0 rapier (weapon)
 h - a +0 short sword
Missiles
 d - 29 bolts
 g - 18 stones
Armour
 b - a +0 robe (worn)
 c - a +0 hat (worn)
Magical Staves
 e - a staff of death


   Skills:
 + Level 0.4 Short Blades
 + Level 2.0 Dodging
 + Level 1.8 Stealth
 + Level 4.2 Spellcasting
 + Level 1.3 Conjurations
 + Level 0.8 Summonings
 + Level 0.8 Translocations


You had 4 spell levels left.
You knew the following spells:

 Your Spells              Type           Power      Damage    Failure   Level
a - Magic Dart            Conj           32%        1d4       9%          1
b - Slow                  Hex            12%        N/A       16%         1
c - Blink                 Tloc           12%        N/A       16%         2
d - Call Imp              Summ           6%         N/A       16%         2

Your spell library contained the following spells:

 Spells                   Type           Power      Damage    Failure   Level
 Conjure Flame            Conj/Fire      5%         6-21      34%         3
 Mephitic Cloud           Conj/Pois/Air  5%         N/A       36%         3


Dungeon Overview and Level Annotations

Branches:
Dungeon (2/15)

Altars:


Innate Abilities, Weirdness & Mutations

You are too large for most types of armour.
You have tough skin. (AC +1)


Message History

The adder bites you but does no damage.
The ball python bites you but does no damage.
You barely miss the adder.
The adder is severely wounded.
The ball python bites you. The adder bites you.
* * * LOW HITPOINT WARNING * * *
You are poisoned.
The adder poisons you!
Casting: Slow (safe; 16% risk of failure)
Confirm with . or Enter, or press ? or * to list all spells.
You blink.
* * * LOW HITPOINT WARNING * * *
You feel sick.
The adder is no longer moving slowly.
* * * LOW HITPOINT WARNING * * *
You feel sick.
You feel yourself speed up.
* * * LOW HITPOINT WARNING * * *
You feel sick.
* * * LOW HITPOINT WARNING * * *
You feel sick.
* * * LOW HITPOINT WARNING * * *
You feel sick.
You are no longer poisoned.
You feel stable enough to blink again.
Your magical contamination has completely faded away.
You aren't carrying any scrolls.
You aren't carrying any potions.
Casting: Blink (safe; 16% risk of failure)
Confirm with . or Enter, or press ? or * to list all spells.
Aiming: Slow (safe; 16% risk of failure)
Press: ? - help, Shift-Dir - straight line, f/p - adder
Aim: an adder (severely wounded, chance to affect: 46%)
The adder seems to slow down.
The adder barely misses you.
The adder is no longer moving slowly.
Casting: Slow (safe; 16% risk of failure)
Confirm with . or Enter, or press ? or * to list all spells.
You don't have enough magic to cast this spell.
The ball python bites you but does no damage.
The adder bites you.
You die...

#.................## #.
##..................# #.
....................# #.
....................# #.
....................###.
.....###......###...†...
... ##......# ######## .
#.......# #@......#
#SS.r...# ##......#
#......# #......#
#......# #......#
########


You could see an adder, a ball python and a rat.

Vanquished Creatures
  An adder (D:2)
  A ball python (D:2)
  4 bats (D:1)
  3 giant cockroaches
  5 goblins (D:1)
  3 hobgoblins (D:1)
  3 kobolds (D:1)
  A quokka (D:1)
  3 frilled lizards (D:1)
  A rat (D:1)
25 creatures vanquished.

Notes
Turn   | Place    | Note
-------+----------+-------------------------------------------
     0 | D:1      | croobank the Ogre Hedge Wizard began the quest for the Orb.
     0 | D:1      | Reached XP level 1. HP: 16/16 MP: 5/5
     2 | D:1      | Learned a level 1 spell: Slow
   441 | D:1      | Reached skill level 1 in Conjurations
   449 | D:1      | Reached XP level 2. HP: 12/24 MP: 4/6
   555 | D:1      | Reached skill level 4 in Spellcasting
  1253 | D:1      | Learned a level 2 spell: Blink
  1256 | D:1      | Learned a level 2 spell: Call Imp
  1669 | D:1      | Reached XP level 3. HP: 27/31 MP: 8/8
  2106 | D:2      | HP: 1/31 [poisoned by an adder]
  2117 | D:2      | Slain by an adder

Illustrated notes

Levels and vault maps discovered:
D:1:      scummos_arrival_star, layout_basic, dk_noncrumbling_3, st_stairs_11
D:2:      layout_basic, hellmonk_ecumenical_altar_zigzags,
          uniq_crazy_yiuf_cottage, uniq_jessica

Skill      XL: |  1  2 |
---------------+-------+-----
Conjurations   | 1 |  1.3
Spellcasting   | 4 |  4.2
Dodging        | 2 |  2.0
Short Blades   | |  0.4
Stealth        | |  1.8
Summonings     | |  0.8
Translocations | |  0.8

Action                   || total
-------------------------++-------
Melee: Dagger            ||    76
       Short sword       ||     8
       Punch             ||     1
       Rapier            ||    16
 Cast: Magic Dart        ||    37
       Slow              ||     2
       Blink             ||     1
  Use: Scroll            ||     2
       Potion            ||     1
 Stab: Sleeping          ||     1
Armor: Robe              ||    54
Dodge: Dodged            ||    55
